 Dungeon Crawl Stone Soup version 0.19.5 (webtiles) character file.

85 Azzok the Skirmisher (level 4, 0/42 HPs)
             Began as a Centaur Fighter on June 1, 2017.
             Killed from afar by an orc wizard (7 damage)
             ... with a puff of flame
             ... on level 3 of the Dungeon.
             The game lasted 00:04:20 (2037 turns).

Azzok the Skirmisher (Centaur Fighter)              Turns: 2037, Time: 00:04:21

Health: 0/42       AC:  6    Str: 19    XL:     4   Next: 25%
Magic:  4/4        EV:  5    Int:  7    God:
Gold:   121        SH:  8    Dex:  9    Spells: 0 memorised, 3 levels left

rFire  . . .     SeeInvis .     a - +0 long sword
rCold  . . .     Gourm    .     b - +0 scale mail
rNeg   . . .     Faith    .     c - +0 shield
rPois  .         Spirit   .     (no helmet)
rElec  .         Reflect  .     (no cloak)
rCorr  .         Harm     .     (no gloves)
MR     .....                    (no barding)
Stlth  ..........               (no amulet)
                                (no ring)
                                (no ring)

@: very quick
A: hooves 3, deformed body, speed 2, tough skin 3
a: no special abilities


You were on level 3 of the Dungeon.
You were hungry.

You visited 1 branch of the dungeon, and saw 3 of its levels.

You collected 121 gold pieces.

Inventory:

Hand Weapons
 a - a +0 long sword (weapon)
Missiles
 q - 17 arrows
Armour
 b - a +0 scale mail (worn)
 c - a +0 shield (worn)
Jewellery
 r - an uncursed amulet of rage {unknown}
Scrolls
 g - a scroll of immolation {unknown}
 h - 3 scrolls of enchant weapon {unknown}
 m - 2 scrolls of teleportation {unknown}
 o - a scroll of fear {unknown}
 p - a scroll of remove curse {unknown}
Potions
 d - a potion of might
 e - a potion of resistance {unknown}
 k - 2 potions of curing {unknown}
 l - a potion of brilliance {unknown}
 n - 2 potions of degeneration {unknown}
 s - a potion of flight {unknown}
 t - a potion of haste
Comestibles
 f - 4 bread rations {@e1}
 i - a beef jerky
 j - 4 meat rations {@e2}


   Skills:
 * Level 5.1 Fighting
 - Level 1.7 Long Blades
 - Level 2.1 Armour
 - Level 2.1 Shields


You had 3 spell levels left.
You didn't know any spells.

Dungeon Overview and Level Annotations

Branches:
Dungeon (3/15)

Altars:
Qazlal
Sif Muna
Trog
Zin


Innate Abilities, Weirdness & Mutations

You have hooves in place of feet.
Armour fits poorly on your strangely shaped body.
You cover ground very quickly.
You have extremely tough skin. (AC +3)


Message History

Beogh smites you!
* * * LOW HITPOINT WARNING * * *
You take 14 damage, and have 7/42 hp.
MASSIVE DAMAGE!!
You closely miss something. Your kick misses something.
You hear some strange, mumbled words.
Something tries to affect you, but you resist.
You barely miss something. Something hits you.
* * * LOW HITPOINT WARNING * * *
Something hits you but does no damage.
You take 1 damage, and have 6/42 hp.
You closely miss something. Something hits you but does no damage.
You miss something.
You hear some strange, mumbled words.
A magic dart appears from out of thin air!
The magic dart hits you! Something hits you but does no damage.
You closely miss something.
You hear some strange, mumbled words.
A puff of flame appears from out of thin air!
The puff of flame hits you!
You die... ▒ ··▒ ▒ "·▒ ▒ oo▒

▒ l·▒ ▒· ▒ ▒▒▒▒▒▒▒▒▒▒ ··▒▒ ▒▒▒·
▒ ▒········▒ ··· ··· ▒
▒▒▒▒········▒▒▒▒▒o▒▒▒▒▒▒▒▒▒▒▒·▒▒
▒··'········'··@{o··············
▒·▒▒········▒▒▒▒▒···············
▒)▒▒········▒ ▒▒▒▒▒▒▒▒▒▒▒▒▒··
▒·▒▒········▒ ▒▒▒▒▒▒▒▒··
▒·▒▒▒▒▒▒▒▒▒▒▒ ▒········· ▒(▒
▒········· ▒·▒ ▒········· ▒·▒
▒········· ▒·▒ ▒·········


You could see an orc priest and an orc.

Vanquished Creatures
  4 adders
  A dart slug (D:2)
  A leopard gecko (D:2)
  A giant cockroach (D:3)
  7 goblins
  3 hobgoblins
  4 jackals (D:1)
  4 kobolds
  2 quokkas (D:3)
  2 ball pythons
  9 bats
  2 frilled lizards
  7 rats
47 creatures vanquished.

Notes
Turn   | Place    | Note
-------+----------+-------------------------------------------
     0 | D:1      | Azzok the Centaur Fighter began the quest for the Orb.
     0 | D:1      | Reached XP level 1. HP: 19/19 MP: 1/1
   152 | D:1      | Reached XP level 2. HP: 23/26 MP: 2/2
   620 | D:1      | Reached skill level 4 in Fighting
   898 | D:2      | Reached XP level 3. HP: 26/34 MP: 3/3
  1381 | D:2      | Found a glowing silver altar of Zin.
  1384 | D:2      | Found a deep blue altar of Sif Muna.
  1419 | D:2      | Found a stormy altar of Qazlal.
  1422 | D:2      | Found a bloodstained altar of Trog.
  1556 | D:3      | Reached XP level 4. HP: 41/41 MP: 4/4
  1623 | D:3      | Reached skill level 5 in Fighting
  1895 | D:3      | Found a faded altar of an unknown god.
  2037 | D:3      | Killed from afar by an orc wizard

Skill      XL: |  1  2  3  4 |
---------------+-------------+-----
Fighting       | 4 5 |  5.1
Long Blades    | |  1.7
Armour         | |  2.1
Shields        | |  2.1

Action                   |  1- 3 |  4- 6 || total
-------------------------+-------+-------++-------
Melee: Long sword        |   122 |    50 ||   172
       Kick              |    16 |    12 ||    28
  Eat: Chunk             |     1 |     1 ||     2
Armor: Scale mail        |    65 |    27 ||    92
Dodge: Dodged            |    40 |     5 ||    45
Block: Shield            |    58 |    22 ||    80
       Rpst.: Long sword |    10 |     2 ||    12
